 Dungeon Crawl Stone Soup version 0.31-a0-202-g547052bce9 (webtiles) character file.

Game seed: 13211456935669841200

188 qw the Skirmisher (level 5, -1/29 HPs)
             Began as a Deep Elf Hunter on June 26, 2023.
             Slain by an orc
             ... wielding a +0 club
              (3 damage)
             ... on level 3 of the Dungeon.
             The game lasted 00:00:45 (2078 turns).

qw the Skirmisher (Deep Elf Hunter)                 Turns: 2078, Time: 00:00:46

Health: -1/29      AC:  5    Str: 10    XL:     5   Next: 39%
Magic:  7/7        EV: 11    Int: 14    God:
Gold:   183        SH:  0    Dex: 18    Spells: 4/4 levels left

rFire   . . .        g - +0 orcbow
rCold   . . .        (shield currently unavailable)
rNeg    . . .        b - +0 ring mail
rPois   .            (no helmet)
rElec   .            (no cloak)
rCorr   .            (no gloves)
SInv    .            (no boots)
Will    .....        (no amulet)
Stlth   +            (no ring)
HPRegen 0.24/turn    (no ring)
MPRegen 0.10/turn

%: no passive effects
@: no status effects
A: no striking features
a: no special abilities


You were on level 3 of the Dungeon.
You visited 1 branch of the dungeon, and saw 3 of its levels.

You collected 183 gold pieces.


   Skills:
 - Level 1.5 Fighting
 + Level 8.9 Ranged Weapons
 - Level 2.4 Dodging
 - Level 1.2 Stealth


You had 4 spell levels left.
You didn't know any spells.
Your spell library was empty.

Inventory:

Hand Weapons
 g - a +0 orcbow (weapon)
Armour
 b - a +0 ring mail (worn)
Jewellery
 c - a +6 ring of dexterity
Scrolls
 f - a scroll of identify
 h - 3 scrolls of poison {unknown}
Potions
 a - a potion of haste {unknown}
 d - a potion of heal wounds {unknown}
 e - a potion of curing {unknown}

Dungeon Overview and Level Annotations

Branches:
Dungeon (3/15)

Altars:
Gozag

Annotations:
D:3 3 runed translucent doors, qw's ghost, amateur DEHu


Message History

The orc's wounds heal themselves!
The orc hits you with a +0 club.
You shoot an arrow. The arrow hits the orc.
The orc is heavily wounded.
The orc hits you but does no damage. The orc closely misses you.
The orc priest mumbles some strange prayers to Beogh against you.
Beogh smites you!
You shoot an arrow. The arrow hits the orc!
You kill the orc!
The orc hits you but does no damage.
You shoot an arrow. The arrow hits the orc wizard!
The orc wizard is heavily wounded.
The orc priest calls upon Beogh to heal the orc wizard.
The orc wizard is healed somewhat.
The orc hits you but does no damage.
The orc wizard mumbles some strange words.
The orc wizard flickers and vanishes!
Deactivating autopickup; reactivate with Ctrl-A.
You shoot an arrow. The arrow completely misses the orc.
The orc priest invokes the aid of Beogh against you.
Pain shoots through your body! The orc hits you with a +0 club.
Something hits you.
You hear some strange, mumbled words.
Something tries to affect you, but you resist.
The orc closely misses you.
You shoot an arrow. The arrow barely misses the orc priest.
The orc priest miscasts a cantrip.
The orc misses you. Something hits you.
You shoot an arrow. The arrow hits the orc priest!
The orc priest is severely wounded.
The orc priest hits you with a +0 club. The orc hits you but does no damage. x2
Something hits you.
You shoot an arrow.
The arrow hits the orc priest but does no damage.
The orc priest is severely wounded.
The orc priest hits you but does no damage.
The orc hits you but does no damage. Something hits you.
The orc hits you but does no damage.
You shoot an arrow.
The arrow closely misses the orc priest.
The orc hits you with a +0 club.
You die...

#....#...# #........
.....#..%# #...........
#....#...# #.(.........
#....#...# #...........
#....#...####...........
+........'..#...........
#....#...##.#...........
######...##.'..oo{......
#...####...@o......
#...# #####+###### #...#
#...# #...#


You could see an orc priest and 2 orcs.

Vanquished Creatures
  A hound (D:3)
  Jessica (D:2)
  7 adders
  2 worms
  An orc (D:3)
  14 ball pythons
  4 endoplasms
  4 giant cockroaches
  8 goblins
  7 hobgoblins
  2 kobolds
  2 quokkas (D:3)
  6 bats
  2 frilled lizards
  4 rats
65 creatures vanquished.

Notes
Turn   | Place    | Note
-------+----------+-------------------------------------------
     0 | D:1      | qw the Deep Elf Hunter began the quest for the Orb.
     0 | D:1      | Reached XP level 1. HP: 12/12 MP: 3/3
     0 | D:1      | 0 ||| qw: Version: 0.3-a-22-g0ed2b0b
     0 | D:1      | 0 ||| qw: Game counter: 6054
     0 | D:1      | 0 ||| qw: Melee chars always use a shield: true
     0 | D:1      | 0 ||| qw: God list: Okawaru
     0 | D:1      | 0 ||| qw: Allow faded altars: false
     0 | D:1      | 0 ||| qw: Do Orc after clearing Dungeon:15 true
     0 | D:1      | 0 ||| qw: Do second Lair branch before Depths: true
     0 | D:1      | 0 ||| qw: Lair rune preference: random
     0 | D:1      | 0 ||| qw: Goals: Normal
     0 | D:1      | 0 ||| PLANNING D:1-11
   299 | D:1      | Reached XP level 2. HP: 16/16 MP: 4/4
   303 | D:1      | Reached skill level 6 in Ranged Weapons
   623 | D:1      | 623 ||| READING scroll labelled OPPIBRU CIWO.
   624 | D:1      | 624 ||| READING scroll labelled WOYNUTIAHI.
   625 | D:1      | 625 ||| DROPPING scroll of butterflies.
   676 | D:2      | Reached XP level 3. HP: 20/20 MP: 5/5
   712 | D:2      | HP: 5/20 [ball python (1)]
   714 | D:2      | Reached skill level 7 in Ranged Weapons
   808 | D:2      | Noticed Jessica
   811 | D:2      | Killed Jessica
   812 | D:2      | Reached XP level 4. HP: 25/25 MP: 6/6
   889 | D:2      | 889 ||| READING scroll labelled IRREOM LOATEOL.
  1165 | D:2      | Reached skill level 8 in Ranged Weapons
  1308 | D:2      | 1308 ||| UPGRADING to +0 ring mail.
  1318 | D:2      | 1318 ||| DROPPING +0 leather armour.
  1366 | D:3      | Found an opulent altar of Gozag.
  1489 | D:3      | Found a runed translucent gate.
  1489 | D:3      | Found a runed translucent gate.
  1489 | D:3      | Found a runed translucent gate.
  1491 | D:3      | Noticed qw's ghost (amateur DEHu)
  1534 | D:3      | Reached XP level 5. HP: 29/29 MP: 7/7
  1609 | D:3      | 1609 ||| SWAPPING to +0 orcbow.
  1610 | D:3      | 1610 ||| DROPPING +0 shortbow.
  2074 | D:3      | HP: 7/29 [something (3)]
  2076 | D:3      | HP: 3/29 [something (2)]
  2078 | D:3      | Slain by an orc

Levels and vault maps discovered:
D:1:      beargit_arrival_greenhouse, layout_basic
D:2:      layout_loops_ring, grunt_decor_cap, minmay_shallow_snake_nest,
          uniq_jessica
D:3:      layout_basic, mainiacjoe_overflow_brackets,
          gammafunk_ghost_necromancy, kennysheep_generic_room_8

Skill      XL: |  1  2  3  4 |
---------------+-------------+-----
Ranged Weapons | 6 7 8 |  8.9
Fighting       | |  1.5
Dodging        | |  2.4
Stealth        | |  1.2

Action                     |  1- 3 |  4- 6 || total
---------------------------+-------+-------++-------
   Fire: Shortbow          |    68 |    70 ||   138
         Orcbow            |       |    35 ||    35
    Use: Scroll            |     2 |     1 ||     3
 Armour: Leather armour    |     6 |     3 ||     9
         Ring mail         |       |    12 ||    12
  Dodge: Dodged            |    32 |    14 ||    46

Table legend:
 A = Non-vault XP
 B = Vault XP
 C = Vault XP percentage of total XP
 D = Non-vault monster count
 E = Vault monster count
 F = Vault count percentage of total count
                 A         B        C        D         E       F
            +---------+---------+-------+---------+---------+-------
      Total |     209 |      60 |  22.3 |      56 |       9 |  13.8
            +---------+---------+-------+---------+---------+-------
        D:1 |      22 |       0 |   0.0 |      14 |       0 |   0.0
        D:2 |      86 |      59 |  40.7 |      22 |       8 |  26.7
        D:3 |     101 |       1 |   1.0 |      20 |       1 |   4.8
            +---------+---------+-------+---------+---------+-------
